Map: Oxide LE

Players

Maru

  • Race: Terran Terran
  • League: Master
  • Spawn Location: 7:00

ByuN - Winner!

  • Race: Terran Terran
  • Spawn Location: 1:00

Event: ASUS ROG Online 2020

VOD

Have the link to the VOD?

Description

Time

  • Played on: Nov. 29, 2020, 3:47 p.m.
  • Length: 8:39

All games in this series

Show
View Real Time Build Order
Export as new Build Order

Maru Terran 

Build Orders:  

Get SALT Encoding   

  12  0:00  SCV  
  13  0:12  SCV  
  14  0:16  Supply Depot  
  14  0:24  SCV  
  15  0:38  SCV  
  15  0:40  Barracks  
  16  0:43  Refinery  
  16  0:50  SCV  
  16  0:53  Refinery  
  17  1:02  SCV  
  18  1:14  SCV  
  19  1:27  Orbital Command, Reaper  
  19  1:29  Supply Depot  
  20  1:41  Factory  
  20  1:52  SCV  
  21  1:59  Reaper  
  22  2:04  SCV  
  23  2:16  SCV  
  23  2:22  Command Center  
  24  2:28  SCV  
  25  2:33  Hellion  
  25  2:34  Barracks Reactor  
  27  2:42  SCV  
  28  2:44  Starport  
  28  2:48  Supply Depot  
  28  2:54  SCV  
  28  2:57  Factory Tech Lab  
  29  3:06  SCV  
  29  3:12  Marine x2  
  32  3:16  Siege Tank  
  32  3:18  SCV  
  36  3:30  Marine  
  36  3:34  SCV, Marine  
  40  3:36  Orbital Command  
  41  3:47  Marine  
  41  3:48  SCV  
  42  3:49  Cyclone  
  42  3:58  Starport Tech Lab  
  42  4:00  SCV, Marine  
  42  4:02  SCV  
  43  4:05  Marine  
  43  4:08  Supply Depot  
  44  4:12  SCV  
  45  4:18  Command Center, Raven  
  45  4:20  SCV  
  48  4:28  Cyclone, Marine  
  48  4:30  Marine  
  53  4:32  SCV  
  53  4:34  SCV  
  53  4:36  Refinery  
  55  4:44  SCV  
  54  4:46  SCV  
  52  4:56  SCV  
  52  4:58  SCV  
  52  5:05  Raven  
  53  5:08  SCV  
  53  5:09  Marine x2  
  53  5:10  SCV  
  57  5:20  Refinery, SCV  
  58  5:22  SCV  
  58  5:28  Siege Tank  
  62  5:29  Marine x2  
  62  5:30  Orbital Command  
  62  5:32  SCV  
  62  5:34  SCV  
  66  5:44  SCV  
  66  5:46  SCV  
  68  5:50  Raven  
  68  5:52  Marine x2  
  68  5:56  Supply Depot, SCV  
  73  5:58  SCV  
  73  5:59  SCV  
  73  6:03  Supply Depot  
  75  6:11  Orbital Command  
  75  6:12  Engineering Bay  
  75  6:13  Engineering Bay  
  75  6:14  SCV x2  
  75  6:17  Siege Tank  
  79  6:24  Barracks  
  79  6:25  Barracks  
  79  6:26  SCV  
  79  6:29  SCV  
  81  6:38  SCV  
  82  6:41  SCV  
  82  6:42  SCV  
  82  6:46  Marine  
  85  6:47  Stimpack  
  85  6:51  SCV  
  85  6:54  Siege Tank, SCV x2  
  88  6:55  Viking  
  88  6:57  Supply Depot  
  88  6:59  Viking  
  95  7:03  SCV  
  95  7:08  Missile Turret  
  96  7:10  Missile Turret  
  96  7:11  SCV x2  
  98  7:16  Barracks Reactor x2  
  98  7:18  SCV  
  99  7:23  SCV  
  99  7:26  SCV  
  99  7:27  Siege Tank  
  99  7:28  Refinery  
  99  7:29  Refinery  
  104  7:30  SCV  
  104  7:34  Supply Depot  
  104  7:35  SCV  
  106  7:38  Supply Depot x2  
  106  7:40  SCV  
  106  7:42  Viking  
  109  7:51  SCV x2  
  109  7:52  Marine  
  109  7:54  Viking  
  109  7:55  Marine x3  
  106  8:03  SCV x2  
  106  8:08  Marine  
  106  8:10  Marine  
  104  8:16  SCV  
  104  8:17  Marine  
  104  8:18  Marine x2  
  108  8:21  SCV  
Show
View Real Time Build Order
Export as new Build Order

ByuN Terran - Winner!

Build Orders: Gas First Reaper Expand, Banshee Rush 

Get SALT Encoding   

  12  0:00  SCV  
  13  0:12  SCV  
  14  0:17  Supply Depot  
  14  0:24  SCV  
  14  0:27  Refinery  
  15  0:38  SCV  
  16  0:43  Barracks  
  16  0:50  SCV  
  17  1:02  SCV  
  18  1:14  SCV  
  19  1:30  Orbital Command, Reaper  
  20  1:40  Command Center  
  20  1:51  Factory  
  20  1:55  SCV  
  21  2:02  Refinery  
  21  2:04  Reaper  
  22  2:10  Supply Depot  
  22  2:12  SCV  
  23  2:31  SCV  
  23  2:35  Hellion  
  25  2:41  Starport  
  25  2:43  SCV  
  27  2:48  Barracks Tech Lab  
  26  2:55  SCV  
  26  2:57  Hellion  
  29  3:01  Orbital Command  
  29  3:07  SCV  
  30  3:19  SCV  
  31  3:21  Hellion  
  31  3:23  Cloaking Field  
  31  3:25  Banshee  
  36  3:28  SCV  
  36  3:32  SCV  
  38  3:38  Refinery  
  38  3:40  Barracks Reactor, SCV  
  39  3:42  Factory Tech Lab  
  39  3:44  SCV  
  40  3:52  SCV  
  41  3:56  SCV  
  41  3:57  Supply Depot  
  42  4:03  Siege Tank  
  42  4:04  SCV  
  46  4:19  SCV x2, Marine x2  
  46  4:20  Supply Depot  
  50  4:28  Raven  
  54  4:31  SCV x2  
  54  4:36  Supply Depot  
  54  4:38  Command Center  
  54  4:41  Marine x2  
  54  4:43  SCV  
  54  4:44  SCV  
  58  4:56  SCV x2  
  60  5:02  Supply Depot  
  60  5:04  Marine x2  
  60  5:05  Siege Tank  
  62  5:08  SCV x2  
  62  5:09  Refinery  
  62  5:10  Raven  
  66  5:20  SCV x2  
  68  5:25  Supply Depot  
  68  5:26  Marine  
  68  5:27  Barracks  
  68  5:28  Barracks  
  69  5:29  Marine  
  69  5:32  SCV x2  
  72  5:40  Siege Tank  
  75  5:45  SCV x2  
  77  5:53  Engineering Bay  
  77  5:55  Engineering Bay  
  77  5:56  Orbital Command  
  77  5:57  SCV x2  
  77  6:03  Stimpack, Marine  
  80  6:08  Viking  
  80  6:09  SCV x2, Viking  
  86  6:18  Barracks Reactor x2, Supply Depot  
  86  6:19  Supply Depot, Siege Tank  
  86  6:23  SCV x3  
  92  6:25  Terran Infantry Armor Level 1  
  92  6:27  Terran Infantry Weapons Level 1  
  92  6:31  Marine  
  93  6:35  SCV x2  
  93  6:36  SCV  
  93  6:37  Supply Depot  
  96  6:43  Viking x2  
  100  6:47  SCV  
  100  6:48  SCV x2  
  100  6:52  Marine  
  100  6:53  Siege Tank  
  107  7:00  Refinery x2, SCV x3  
  110  7:05  Marine x4  
  114  7:10  Marine  
  114  7:13  SCV x3  
  120  7:17  Supply Depot  
  120  7:23  Medivac x2, Marine x3  
  120  7:27  Barracks  
  120  7:29  Barracks  
  125  7:31  Marine x2  
  125  7:32  Armory  
  125  7:33  SCV x3  
  130  7:37  Siege Tank  
  130  7:41  Marine x3  
  136  7:48  Marine  
  136  7:49  Marine  
  136  7:52  SCV x2  
  136  7:54  SCV  
  138  7:58  Marine  
  138  7:59  Marine x2  
  141  8:05  Supply Depot  
  141  8:06  Supply Depot x2  
  141  8:07  Medivac  
  141  8:12  SCV, Marine  
  141  8:17  Barracks Reactor x2  
  141  8:19  Supply Depot  
  141  8:21  Supply Depot  
Tags
 
Add a new tag
Caveats
  • Supply blocks, unpowered buildings, or Contaminate may cause inaccurate times.
  • Supply counts are checked every 10 seconds.